 Dungeon Crawl Stone Soup version 0.31.0-1-g2c135a008e (webtiles) character file.

Game seed: 6769471409594199616

53 qw the Shooter (level 4, -1/34 HPs)
             Began as a Djinni Hunter on Jan 24, 2024.
             Slain by Robin
             ... wielding a +0 spear
              (4 damage)
             ... on level 2 of the Dungeon.
             The game lasted 00:00:08 (1119 turns).

qw the Shooter (Djinni Hunter)                      Turns: 1119, Time: 00:00:08

Health: -1/34      AC:  6    Str: 10    XL:     4   Next: 10%
Gold:   183        EV: 11    Int: 11    God:
                   SH:  0    Dex: 18

rFire   + + .        a - +0 shortbow
rCold   x . .        (shield currently unavailable)
rNeg    . . .        e - +0 ring mail
rPois   inf          i - +0 helmet
rElec   .            (no cloak)
rCorr   .            (no gloves)
SInv    .            (boots unavailable)
Will    .....        (no amulet)
Stlth   +            (no ring)
HPRegen 0.25/turn    (no ring)
MPRegen 0.00/turn

%: infuse magic (-2 HP)
@: flying
A: sickness immunity, fire resistance 2, cold vulnerability 1, float, innate
caster, HP casting, extra vitality 1
a: no special abilities


You were on level 2 of the Dungeon.
You visited 1 branch of the dungeon, and saw 2 of its levels.

You collected 183 gold pieces.


Innate Abilities, Weirdness & Mutations

You are immune to sickness and miasma.
You are immune to poison.
Your flesh is very heat resistant. (rF++)
You are vulnerable to cold. (rC-)
You float through the air rather than walking.
You learn spells naturally, not from books.
Your magical power is your life essence.
You have superior vitality. (+4 MHP)


   Skills:
 + Level 2.6 Fighting
 - Level 4.0 Ranged Weapons
 - Level 1.1 Armour
 - Level 2.1 Dodging
 - Level 0.7 Stealth


You knew the following spells:

 Your Spells              Type           Power      Damage    Failure   Level
a - Freeze                Ice            0%         1d3       65%         1
Your spell library was empty.

Inventory:

Hand Weapons
 a - a +0 shortbow (weapon)
Armour
 e - a +0 ring mail (worn)
 i - a +0 helmet (worn)
Jewellery
 f - a ring of see invisible
Scrolls
 b - a scroll of enchant armour {unknown}
 c - 2 scrolls of identify
Potions
 d - 2 potions of curing
 g - 2 potions of enlightenment {unknown}
 h - a potion of haste {unknown}
 k - 2 potions of heal wounds {unknown}

Dungeon Overview and Level Annotations

Branches:
Dungeon (2/15)

Altars:

Annotations:
D:2 Robin


Message History

You shoot an arrow.
The arrow hits the hobgoblin but does no damage.
The hobgoblin barely misses you. Robin hits you but does no damage.
The hobgoblin closely misses you. Robin hits you but does no damage.
You shoot an arrow. The arrow barely misses the hobgoblin.
The arrow barely misses Robin.
The hobgoblin hits you but does no damage.
Robin hits you but does no damage.
You shoot an arrow. The arrow hits the hobgoblin.
The hobgoblin is heavily wounded.
The hobgoblin hits you. Robin hits you but does no damage.
You shoot an arrow.
The arrow completely misses the hobgoblin.
The arrow hits Robin but does no damage.
Robin is severely wounded.
The hobgoblin closely misses you.
Robin hits you from afar with a +0 spear.
The hobgoblin closely misses you. Robin closely misses you.
You shoot an arrow. The arrow barely misses the hobgoblin.
The arrow hits Robin.
Robin is almost dead.
The hobgoblin hits you.
Robin hits you from afar with a +0 spear.
You shoot an arrow.
The arrow hits the hobgoblin but does no damage.
The hobgoblin is heavily wounded.
The hobgoblin barely misses you.
Robin hits you from afar with a +0 spear.
You shoot an arrow.
The arrow hits the hobgoblin but does no damage.
The hobgoblin is heavily wounded.
The hobgoblin no longer looks unusually strong.
The hobgoblin hits you but does no damage.
Robin hits you from afar with a +0 spear.
The hobgoblin barely misses you. Robin barely misses you.
You shoot an arrow. The arrow hits the hobgoblin.
The hobgoblin is almost dead.
The hobgoblin misses you.
Robin hits you from afar with a +0 spear.
You die...
Robin says, "And that's why I'm the boss."

#........#######..........
#........# #.###......
#........# #.##.<.....
#........# #.#..#.....
#........# ####...#..#.##
#############....%##.##.#.
###...###.##.##...
#)).###...#.......
#@#..........[....
#g#..####.###.....
####g................
###.%...#####.###......
#...##)#...#....)......
..g.#.)............#.....
.## #g##.................
.ggg..)$##............#####
.g%#######...........(#


You could see Robin and a hobgoblin.

Vanquished Creatures
  A ribbon worm (D:2)
  A bat (D:1)
  3 endoplasms (D:1)
  2 giant cockroaches (D:1)
  12 goblins
  4 hobgoblins
  5 kobolds (D:1)
  A quokka (D:1)
  6 ball pythons
  5 frilled lizards
  6 rats
46 creatures vanquished.

Notes
Turn   | Place    | Note
-------+----------+-------------------------------------------
     0 | D:1      | qw the Djinni Hunter began the quest for the Orb.
     0 | D:1      | Reached XP level 1. HP: 18/18 MP: 0/0
     0 | D:1      | 0 ||| qw: Version: 0.3-a-136-gdd3b4e8
     0 | D:1      | 0 ||| qw: Game counter: 1234
     0 | D:1      | 0 ||| qw: Melee chars always use a shield: true
     0 | D:1      | 0 ||| qw: God list: Okawaru
     0 | D:1      | 0 ||| qw: Allow faded altars: false
     0 | D:1      | 0 ||| qw: Do Orc after clearing Dungeon:15 true
     0 | D:1      | 0 ||| qw: Do second Lair branch before Depths: true
     0 | D:1      | 0 ||| qw: Lair rune preference: random
     0 | D:1      | 0 ||| qw: Goals: Normal
     0 | D:1      | 0 ||| PLANNING D:1-11
   141 | D:1      | Reached XP level 2. HP: 23/23 MP: 0/0
   470 | D:1      | Reached XP level 3. HP: 28/28 MP: 0/0
   470 | D:1      | Learned a level 1 spell: Freeze
   495 | D:1      | Reached skill level 4 in Ranged Weapons
   633 | D:1      | 633 ||| UPGRADING to +0 ring mail.
   643 | D:1      | 643 ||| DROPPING +0 leather armour.
   644 | D:1      | 644 ||| UPGRADING to +0 helmet.
   649 | D:1      | 649 ||| READING 2 scrolls labelled RUYLOM FOGANU.
   649 | D:1      | 649 ||| IDENTIFYING coppery potion
   650 | D:1      | 650 ||| READING scroll of identify.
   650 | D:1      | 650 ||| IDENTIFYING ruby potion
   651 | D:1      | 651 ||| READING 2 scrolls labelled BITY QAOHO.
   652 | D:1      | 652 ||| DROPPING scroll of butterflies.
   653 | D:1      | 653 ||| DROPPING potion of berserk rage.
   654 | D:1      | 654 ||| DROPPING scroll of noise.
   867 | D:2      | Reached skill level 1 in Armour
  1082 | D:2      | Noticed Robin
  1083 | D:2      | 1083 ||| RETREEEEATING.
  1088 | D:2      | 1088 ||| RETREEEEATING.
  1093 | D:2      | 1093 ||| RETREEEEATING.
  1094 | D:2      | 1094 ||| RETREEEEATING.
  1100 | D:2      | 1100 ||| RETREEEEATING.
  1101 | D:2      | 1101 ||| RETREEEEATING.
  1102 | D:2      | 1102 ||| RETREEEEATING.
  1103 | D:2      | 1103 ||| RETREEEEATING.
  1104 | D:2      | 1104 ||| RETREEEEATING.
  1106 | D:2      | Reached XP level 4. HP: 26/34 MP: 0/0
  1116 | D:2      | HP: 6/34 [hobgoblin[Robin] (5)]
  1119 | D:2      | Slain by Robin

Levels and vault maps discovered:
D:1:      eino_arrival_druids_welcome, layout_basic, minmay_cut_off
D:2:      layout_rooms, dreamdust_mushroom_princess, minmay_heptomino_o4,
          uniq_robin

Skill      XL: |  1  2  3 |
---------------+----------+-----
Ranged Weapons | 4 |  4.0
Armour         | 1 |  1.1
Fighting       | |  2.6
Dodging        | |  2.1
Stealth        | |  0.7

Action                     |  1- 3 |  4- 6 || total
---------------------------+-------+-------++-------
   Fire: Shortbow          |    97 |    14 ||   111
    Use: Scroll            |     3 |       ||     3
 Armour: Leather armour    |    13 |       ||    13
         Ring mail         |    17 |    21 ||    38
  Dodge: Dodged            |    28 |    13 ||    41

Table legend:
 A = Non-vault XP
 B = Vault XP
 C = Vault XP percentage of total XP
 D = Non-vault monster count
 E = Vault monster count
 F = Vault count percentage of total count
                 A         B        C        D         E       F
            +---------+---------+-------+---------+---------+-------
      Total |      50 |      26 |  34.2 |      30 |      16 |  34.8
            +---------+---------+-------+---------+---------+-------
        D:1 |      31 |       5 |  13.9 |      19 |       4 |  17.4
        D:2 |      19 |      21 |  52.5 |      11 |      12 |  52.2
            +---------+---------+-------+---------+---------+-------
